 Dungeon Crawl Stone Soup version 0.28.0-45-g0d030f2227 (webtiles) character file.

Game seed: 12408751658067501338

20729 DuloT34 the Nimble (level 12, -12/103 HPs)
             Began as a Merfolk Gladiator on Apr 11, 2022.
             Was a Priest of Makhleb.
             Mangled by an azure jelly (23 damage)
             ... in an ice cave.
             The game lasted 01:02:56 (14966 turns).

DuloT34 the Nimble (Merfolk Gladiator)             Turns: 14966, Time: 01:02:58

Health: -12/103    AC:  9    Str: 16    XL:     12   Next: 82%
Magic:  19/19      EV: 25    Int:  7    God:    Makhleb [***...]
Gold:   418        SH:  0    Dex: 25    Spells: 11/11 levels left

rFire   . . .      SeeInvis .   a - +5 trident (protect)
rCold   . . .      Faith    .   (no shield)
rNeg    . . .      Spirit   .   A - +0 steam dragon scales
rPois   +          Reflect  .   c - +1 helmet
rElec   .          Harm     .   p - +0 cloak
rCorr   .          Rampage  .   J - +0 pair of gloves
Will    .....                   (no boots)
Stlth   +++.......              m - amulet of regeneration
HPRegen 1.07/turn               k - +6 ring of dexterity
MPRegen 0.16/turn               j - ring of poison resistance

@: no status effects
A: (nimble swimmer 2), mertail
a: Renounce Religion, Minor Destruction, Lesser Servant of Makhleb


You were in an ice cave.
You worshipped Makhleb.
Makhleb was most pleased with you.
You visited 3 branches of the dungeon, and saw 14 of its levels.
You also visited: Ossuary and Ice Cave.

You collected 590 gold pieces.
You spent 172 gold pieces at shops.

Inventory:

Hand Weapons
 a - a +5 trident of protection (weapon)
 o - a +1 halberd of freezing
Missiles
 d - 5 boomerangs (quivered)
Armour
 c - a +1 helmet (worn)
 p - a +0 cloak (worn)
 z - a +2 scale mail of cold resistance
 A - +0 steam dragon scales (worn)
 J - a +0 pair of gloves (worn)
Jewellery
 b - a ring of wizardry
 j - a ring of poison resistance (right hand)
 k - a +6 ring of dexterity (left hand)
 m - an amulet of regeneration (around neck)
 q - a ring of flight
 r - a ring of ice
 E - a ring of protection from fire
 H - a ring of magical power
Wands
 s - a wand of flame (20)
 w - a wand of paralysis (3)
 B - a wand of charming (9)
 F - a wand of digging (6)
 I - a wand of iceblast (6)
 K - a wand of acid (7)
Scrolls
 g - 4 scrolls of teleportation
 u - a scroll of holy word
 x - 3 scrolls of identify
 y - a scroll of fear
 G - 3 scrolls of magic mapping
 L - a scroll of acquirement {unknown}
Potions
 e - 4 potions of attraction
 f - 2 potions of haste
 h - 5 potions of heal wounds
 i - 5 potions of flight
 n - a potion of ambrosia {unknown}
 t - 8 potions of curing
 v - 4 potions of mutation
 C - 2 potions of brilliance
 D - 2 potions of magic {unknown}


   Skills:
 + Level 12.7 Fighting
 - Level 14.0 Polearms
 - Level 2.0 Throwing
 - Level 1.9 Armour
 - Level 14.5 Dodging
 - Level 2.3 Stealth
 + Level 10.5 Invocations


You had 11 spell levels left.
You didn't know any spells.
Your spell library contained the following spells:

 Spells                   Type           Power      Damage    Failure   Level
 Call Canine Familiar     Summ           0%         N/A       80%         3
 Conjure Flame            Conj/Fire      0%         6-21      80%         3
 Dazzling Flash           Conj/Hex       0%         N/A       80%         3
 Ignite Poison            Fire/Tmut/Pois 0%         N/A       80%         3
 Mephitic Cloud           Conj/Pois/Air  0%         N/A       80%         3
 Ozocubu's Armour         Ice            0%         N/A       80%         3
 Portal Projectile        Hex/Tloc       0%         N/A       80%         3
 Vampiric Draining        Necr           0%         2d6       80%         3
 Leda's Liquefaction      Hex/Erth       0%         N/A       99%         4
 Sticky Flame             Conj/Fire      0%         2d3       99%         4
 Summon Ice Beast         Ice/Summ       0%         N/A       99%         4
 Agony                    Necr           0%         N/A       100%        5
 Alistair's Intoxication  Tmut/Pois      0%         N/A       100%        5
 Blade Hands              Tmut           0%         N/A       100%        5
 Borgnjor's Vile Clutch   Necr/Erth      0%         N/A       100%        5
 Excruciating Wounds      Necr           0%         N/A       100%        5
 Freezing Cloud           Conj/Ice/Air   0%         6-21      100%        5
 Summon Mana Viper        Hex/Summ       0%         N/A       100%        5
 Eringya's Noxious Bog    Tmut/Pois      0%         N/A       100%        6
 Monstrous Menagerie      Summ           0%         N/A       100%        7
 Ozocubu's Refrigeration  Ice            0%         4d5       100%        7
 Chain Lightning          Conj/Air       0%         N/A       100%        9


Dungeon Overview and Level Annotations

Branches:
Dungeon (11/15)            Temple (1/1) D:7            Lair (2/6) D:8
    Orc (0/2) D:9         Ossuary (visited)           IceCv (1/1)
  Swamp: Lair:2-4    Shoals: Lair:2-4     Snake: Lair:2-4    Spider: Lair:2-4

Altars:
Ashenzari
Cheibriados
Dithmenos
Elyvilon
Fedhas
Gozag
Hepliaklqana
Kikubaaqudgha
Makhleb
Nemelex Xobeh
Okawaru
Qazlal
Ru
Sif Muna
Trog
Uskayaw
Vehumet
Wu Jian
Xom
Yredelemnul
Zin
The Shining One

Shops:
D:1 *   D:2 *   D:6 !   D:7 [   D:8 *

Annotations:
D:9 exclusion: obsidian statue
D:10 exclusion: downstairs IceCv exclusion: ice statue


Innate Abilities, Weirdness & Mutations

((You are very nimble when in or above water. (Stealth+, EV+, Speed+++)))
Your lower body shifts to a powerful aquatic tail in water.


Message History

You throw a boomerang.
The boomerang completely misses the azure jelly.
An azure jelly comes into view.
Aiming: Major Destruction (1% risk of failure)
Press: ? - help, Shift-Dir - straight line, f/p - azure jelly
Aim: an azure jelly (ally target)
You hear a mighty clap of thunder!
The bolt of lightning hits the azure jelly.
The azure jelly is lightly wounded.
The azure jelly jiggles.
The azure jelly hits your neqoxec! The azure jelly freezes your neqoxec!!!
Your neqoxec dies!
Your neqoxec disappears in a puff of smoke!
You reach to attack!
You puncture the azure jelly!
Your weapon exudes an aura of protection.
The azure jelly is lightly wounded.
The azure jelly jiggles.
A demon appears!
You can no longer hurl Makhleb's greater destruction.
The azure jelly hits you. The azure jelly freezes you!!!
The azure jelly completely misses you.
The azure jelly hits you but does no damage.
The azure jelly completely misses you. The azure jelly barely misses you. x2
The azure jelly completely misses you.
The azure jelly hits you but does no damage.
Okay, then.
The azure jelly barely misses you. The azure jelly misses you. x2
The azure jelly completely misses you.
Your ynoxinul hits the azure jelly. The azure jelly hits you.
The azure jelly freezes you!
The azure jelly hits you but does no damage.
The azure jelly completely misses you. x2
As you read the scroll of fog, it crumbles to dust.
The scroll dissolves into smoke.
The azure jelly hits you. The azure jelly freezes you!!
* * * LOW HITPOINT WARNING * * *
The azure jelly hits you.
* * * LOW HITPOINT WARNING * * *
The azure jelly freezes you!!
You die...

##...............###
####...........######..
##........####### ##....
##.......##########......
#.....####.............#.
#..............#.........
#.....####.....###.....#.
##....§§###3....####.....
###..§§@J§......# ....
###§§§J§....### #..
########### #


You could see 2 azure jellies.

Vanquished Creatures
  A quicksilver ooze (IceCv)
  A hydra (Lair:1)
  3 two-headed ogres
  A black mamba (Lair:2)
  2 komodo dragons
  An entropy weaver simulacrum (IceCv)
  2 hornets
  2 polar bears (Lair:2)
  20 slime creatures
  4 blink frogs (D:8)
  2 shadows (D:9)
  Sigmund (D:5)
  A wraith (D:9)
  20 yaks
  Eustachio (D:6)
  A wyvern (D:7)
  A steam dragon (D:8)
  A two-headed ogre zombie (D:9)
  A demonic crawler simulacrum (IceCv)
  7 water moccasins
  Duvessa (D:6)
  4 orc warriors
  2 ice beasts
  A sky beast (D:8)
  A necrophage (D:6)
  4 black bears
  4 wolves (Lair:2)
  2 ugly thing simulacra (IceCv)
  3 ogres
  5 centaurs
  A phantom (D:6)
  Blork the orc (D:5)
  A kobold brigand (D:9)
  2 bullfrogs
  A wyvern zombie (D:8)
  3 scorpions
  3 glowing shapeshifter simulacra (IceCv)
  A water moccasin skeleton (D:4)
  Dowan (D:6)
  2 troll zombies (D:9)
  17 killer bees
  A howler monkey (D:6)
  7 wights (D:9)
  2 centaur zombies
  6 orc priests
  6 jellies
  A bullfrog zombie (D:7)
  A hound (D:5)
  Crazy Yiuf (D:3)
  A centaur skeleton (D:6)
  3 bullfrog skeletons
  An iguana (D:5)
  Terence (D:2)
  11 orc wizards
  5 hell rats (Lair:2)
  A killer bee zombie (D:9)
  5 ogre zombies (D:9)
  A hound zombie (D:3)
  A hound skeleton (D:4)
  2 mummies (Ossuary)
  Robin (D:2)
  3 adders
  11 white imps (Lair:2)
  3 adder zombies (Ossuary)
  3 worms
  A dart slug (D:5)
  31 orcs
  14 endoplasms
  6 gnoll zombies (Ossuary)
  17 goblins
  11 hobgoblins
  8 jackals
  5 quokkas
  5 ball pythons
  9 bats
  2 frilled lizards
  A goblin skeleton (D:9)
  2 goblin zombies (D:9)
  A hobgoblin skeleton (D:9)
  10 hobgoblin zombies
  16 kobolds
  A kobold skeleton (D:5)
  7 kobold zombies (Ossuary)
  An orc skeleton (D:9)
  19 orc zombies (D:9)
  5 rats
383 creatures vanquished.

Vanquished Creatures (collateral kills)
  3 slime creatures (IceCv)
3 creatures vanquished.

Vanquished Creatures (others)
  An ugly thing simulacrum (IceCv)
  21 fungi
  13 plants
  12 toadstools (D:4)
47 creatures vanquished.

Grand Total: 433 creatures vanquished

Notes
Turn   | Place    | Note
-------+----------+-------------------------------------------
     0 | D:1      | DuloT34 the Merfolk Gladiator began the quest for the Orb.
     0 | D:1      | Reached XP level 1. HP: 16/16 MP: 1/1
   236 | D:1      | Reached XP level 2. HP: 22/22 MP: 2/2
   411 | D:1      | Found Seuj Qer's General Store.
   435 | D:1      | Found a faded altar of an unknown god.
   439 | D:1      | Got the Grimoire of Attacks and Darkness
   587 | D:1      | Reached XP level 3. HP: 24/27 MP: 3/3
   716 | D:1      | Reached skill level 5 in Polearms
  1078 | D:2      | Reached skill level 1 in Stealth
  1111 | D:2      | Noticed Robin
  1132 | D:2      | Killed Robin
  1146 | D:2      | Reached skill level 1 in Armour
  1146 | D:2      | Reached XP level 4. HP: 28/33 MP: 4/4
  1287 | D:2      | Found Maetwaom's Assorted Antiques.
  1438 | D:2      | Noticed Terence
  1441 | D:2      | Noticed an ogre
  1593 | D:3      | Noticed an ogre
  1857 | D:2      | Killed Terence
  1968 | D:3      | Killed an ogre
  1969 | D:3      | Reached XP level 5. HP: 38/38 MP: 5/5
  2682 | D:3      | Reached XP level 6. HP: 29/44 MP: 6/6
  2924 | D:3      | Reached skill level 5 in Dodging
  3013 | D:3      | Found a runed translucent door.
  3014 | D:3      | Noticed Crazy Yiuf
  3066 | D:3      | Killed Crazy Yiuf
  3157 | D:4      | Found a sand-covered staircase.
  3162 | Ossuary  | Entered an ossuary
  4332 | D:4      | Reached XP level 7. HP: 38/50 MP: 7/7
  5493 | D:5      | Entered Level 5 of the Dungeon
  5496 | D:5      | Noticed Blork the orc
  5504 | D:4      | Reached skill level 10 in Polearms
  5504 | D:4      | Reached XP level 8. HP: 56/56 MP: 8/8
  5513 | D:5      | Killed Blork the orc
  5584 | D:5      | Found a snail-covered altar of Cheibriados.
  5850 | D:5      | Found a runed translucent door.
  5854 | D:5      | Found a basalt altar of Yredelemnul.
  5905 | D:5      | Noticed Sigmund
  5923 | D:5      | Killed Sigmund
  6969 | D:6      | Reached XP level 9. HP: 61/61 MP: 9/9
  6980 | D:6      | Noticed Eustachio
  7049 | D:6      | Reached skill level 10 in Dodging
  7214 | D:6      | Killed Eustachio
  7458 | D:6      | Noticed Duvessa
  7458 | D:6      | Noticed Dowan
  7627 | D:1      | Prayed at the altar of an unknown god.
  7627 | D:1      | Became a worshipper of Ru the Awakened
  7727 | D:6      | Killed Duvessa
  7737 | D:6      | Killed Dowan
  7811 | D:6      | Found a bloodstained altar of Trog.
  8018 | D:6      | Reached XP level 10. HP: 70/70 MP: 10/10
  8286 | D:6      | Found Beuzoy's Distillery.
  8294 | D:6      | Bought a potion of curing for 42 gold pieces
  8551 | D:7      | Found a sacrificial altar of Ru.
  8767 | D:7      | Reached skill level 5 in Fighting
  9047 | D:7      | Found Reiheu's Armour Shop.
  9103 | D:7      | Found a staircase to the Ecumenical Temple.
  9109 | Temple   | Entered the Ecumenical Temple
  9216 | Temple   | Fell from the grace of Ru
  9216 | Temple   | Became a worshipper of Makhleb the Destroyer
  9365 | D:7      | Found a broken altar of Ashenzari.
  9365 | D:7      | Found a shadowy altar of Dithmenos.
  9407 | D:7      | Found a shimmering blue altar of Sif Muna.
  9500 | D:8      | Noticed an angel
  9508 | D:8      | Found Nougocon's Hallowed Reliquary.
  9514 | D:8      | Bought a potion of heal wounds for 65 gold pieces
  9514 | D:8      | Bought a potion of heal wounds for 65 gold pieces
 10060 | D:8      | Found a staircase to the Lair.
 11086 | D:9      | Noticed an obsidian statue
 11176 | D:9      | Reached skill level 1 in Invocations
 11186 | D:9      | Reached XP level 11. HP: 84/84 MP: 11/11
 11219 | D:9      | Found a shimmering altar of Xom.
 11236 | D:9      | Reached * piety under Makhleb
 11396 | D:9      | Found a staircase to the Orcish Mines.
 11456 | D:9      | Reached ** piety under Makhleb
 11686 | D:9      | Noticed a two-headed ogre
 11695 | D:9      | Killed a two-headed ogre
 11724 | D:9      | Found a hazy altar of Hepliaklqana.
 12013 | D:10     | Entered Level 10 of the Dungeon
 12088 | D:10     | Noticed a two-headed ogre
 12096 | D:10     | Killed a two-headed ogre
 12118 | D:9      | Reached skill level 5 in Invocations
 12442 | D:10     | Noticed a two-headed ogre
 12451 | D:10     | Killed a two-headed ogre
 12770 | D:11     | Noticed a cyclops
 12772 | D:11     | Noticed a two-headed ogre
 12855 | Lair:1   | Entered Level 1 of the Lair of Beasts
 13037 | Lair:1   | Noticed a four-headed hydra
 13044 | Lair:1   | Identified the +1 ring mail of Beppalea {Contam rCorr
                  | Int+8}
 13079 | D:8      | Reached *** piety under Makhleb
 13206 | Lair:1   | Killed a four-headed hydra
 13207 | Lair:1   | Reached skill level 10 in Fighting
 13492 | Lair:1   | Reached XP level 12. HP: 99/99 MP: 17/17
 14188 | Lair:2   | Found a frozen archway.
 14239 | IceCv    | Entered an ice cave
 14286 | IceCv    | Reached **** piety under Makhleb
 14648 | IceCv    | Reached skill level 10 in Invocations
 14894 | IceCv    | Noticed a quicksilver ooze
 14901 | IceCv    | Killed a quicksilver ooze
 14950 | IceCv    | Noticed an azure jelly
 14952 | IceCv    | Noticed an azure jelly
 14966 | IceCv    | Mangled by an azure jelly

Illustrated notes

Levels and vault maps discovered:
D:1:      beargit_arrival_diablo_church, layout_loops_ring, serial_shops,
          nicolae_shop_stone, hellmonk_ecumenical_altar_zigzags
D:2:      layout_basic, serial_shops, shop, uniq_robin, uniq_terence
D:3:      layout_loops_ring, minmay_splitting_lines, uniq_crazy_yiuf_cottage
D:4:      cheibrodos_fertilizer, layout_basic, nicolae_ossuary_entry_plus
D:5:      layout_basic, cheibriados_altar_1, dk_yredelemnul_ordeal,
          uniq_sigmund, uniq_blork_the_orc
D:6:      layout_basic, trog_ov_bears_minmay, serial_aquarium,
          aquarium_bridge_long_separate [aquarium_subvault_balcony,
          aquarium_subvault_window, aquarium_subvault_bridge,
          aquarium_subvault_wall, aquarium_subvault_window,
          aquarium_subvault_bridge], aquarium_bridge_square
          [aquarium_subvault_bridge, aquarium_subvault_bridge,
          aquarium_subvault_wall, aquarium_subvault_wall], aquarium_window_fake,
          aquarium_window_1, aquarium_view_2d, serial_shops, shop, uniq_duvessa,
          uniq_eustachio
D:7:      layout_loops_ring, nicolae_overflow_hidden_temple,
          lemuel_doored_altar, minmay_temple_entry_enclosed_plants,
          serial_shops, shop
D:8:      layout_basic, david_lair_shrubbed, nicolae_good_shop
D:9:      minmay_statue_hallways, layout_long_grid, xom_butterflies,
          nzn_hepliaklqana_mist_gate, zombieorc2_lemuel
D:10:     layout_gridville
D:11:     minmay_the_grid_3x3 [minmay_the_grid_outer_circle,
          minmay_the_grid_odd_star, minmay_the_grid_square_x,
          minmay_the_grid_doors, minmay_the_grid_minigrid_small,
          minmay_the_grid_holed_spiral, minmay_the_grid_eight,
          minmay_the_grid_x, minmay_the_grid_prize_diamond_cup],
          layout_irregular_city
Temple:   dshaligram_water_room_temple
Lair:1:   layout_misc_corridors, chequers_serial_rivers_micro_b
Lair:2:   layout_regular_city, portal_ice_cave_entry_imps, lemuel_fruit_tree
IceCv:    ice_cave_hellmonk_azure_passage

Skill      XL: |  1  2  3  4  5  6  7  8  9 10 11 12 |
---------------+-------------------------------------+-----
Polearms       | 5 7 8 10 11 14 | 14.0
Stealth        | 1 2 |  2.3
Armour         | 1 |  1.9
Dodging        | 6 7 9 12 14 | 14.5
Fighting       | 3 7 10 12 | 12.7
Invocations    | 1 7 10 | 10.5
Throwing       | |  2.0

Action                   |  1- 3 |  4- 6 |  7- 9 | 10-12 || total
-------------------------+-------+-------+-------+-------++-------
Melee: Trident           |   118 |   228 |   315 |  1042 ||  1703
       Punch             |     1 |     3 |     8 |    12 ||    24
Throw: Throwing net      |       |     3 |       |       ||     3
       Boomerang         |       |    31 |    14 |    54 ||    99
Invok: Minor Destruction |       |       |       |    11 ||    11
       Lesser Servant of |       |       |       |     7 ||     7
       Major Destruction |       |       |       |     2 ||     2
  Use: Scroll            |     3 |     9 |     5 |     9 ||    26
       Potion            |     1 |       |       |     3 ||     4
 Stab: Sleeping          |     5 |    10 |     8 |    15 ||    38
       Held in net/web   |       |     3 |       |       ||     3
       Distracted        |       |       |       |     5 ||     5
Armor: Leather armour    |    33 |    19 |    37 |    10 ||    99
       Steam dragon scal |       |       |       |   117 ||   117
Dodge: Dodged            |    76 |    69 |   114 |   613 ||   872
